 Dungeon Crawl Stone Soup version 0.19-a0-1675-gc11f27c (webtiles) character file.

231 Magifyre the Covert (level 5, -6/25 HPs)
             Began as a Spriggan Assassin on Sept 23, 2016.
             Mangled by an orc priest
             ... wielding a +0 morningstar
              (9 damage)
             ... on level 4 of the Dungeon.
             The game lasted 00:10:23 (3235 turns).

Magifyre the Covert (Spriggan Assassin)             Turns: 3235, Time: 00:10:25

Health: -6/25      AC:  3    Str:  7    XL:     5   Next: 72%
Magic:  6/6        EV: 17    Int: 12    God:
Gold:   146        SH:  0    Dex: 19    Spells: 0 memorised, 4 levels left

rFire  . . .     SeeInvis +     a - +2 dagger
rCold  . . .     Gourm    .     c - +0 robe
rNeg   . . .     Faith    .     (shield restricted)
rPois  .         Spirit   .     (helmet restricted)
rElec  .         Dismiss  .     d - +0 cloak
rCorr  .         Reflect  .     (gloves unavailable)
MR     .....     Harm     .     (boots unavailable)
Stlth  +++++.....               (no amulet)
                                (no ring)
                                (no ring)

@: very quick
A: unfitting armour, see invisible, herbivore 3, speed 3, slow metabolism 2
a: no special abilities


You were on level 4 of the Dungeon.
You were not hungry.

You visited 1 branch of the dungeon, and saw 4 of its levels.

You collected 146 gold pieces.

Inventory:

Hand Weapons
 a - a +2 dagger (weapon)
 b - a +0 blowgun
Missiles
 f - 2 curare-tipped needles
 i - 104 stones (quivered)
 w - 15 poisoned needles
Armour
 c - a +0 robe (worn)
 d - a +0 cloak (worn)
Wands
 q - a wand of paralysis (8/24)
Scrolls
 h - 2 scrolls of enchant weapon {unknown}
 k - 4 scrolls of identify {unknown}
 l - a scroll of teleportation {unknown}
 n - a scroll of remove curse {unknown}
 t - a scroll of random uselessness {unknown}
 u - a scroll of amnesia {unknown}
Potions
 e - 2 potions of curing {unknown}
 j - a potion of brilliance {unknown}
 m - a potion of resistance {unknown}
 o - 2 potions of heal wounds {unknown}
 p - 3 potions of agility {unknown}
 r - a potion of lignification {unknown}
 s - a potion of flight {unknown}
 x - a potion of ambrosia {unknown}
 z - a potion of berserk rage {unknown}
 A - a potion of degeneration {unknown}
Comestibles
 g - 5 bread rations
 v - a slice of pizza


   Skills:
 - Level 1.5 Fighting
 + Level 5.0 Short Blades
 - Level 2.0 Throwing
 - Level 1.5 Dodging
 + Level 8.6 Stealth


You had 4 spell levels left.
You didn't know any spells.

Dungeon Overview and Level Annotations

Branches:
Dungeon (4/15)
 Temple: D:4-7

Altars:
Ashenzari
Dithmenos

Annotations:
D:3 smazza's ghost, amateur MfSk


Innate Abilities, Weirdness & Mutations

You are tiny and cannot use many weapons and most armour.
You have supernaturally acute eyesight. (SInv)
You are a herbivore.
You cover ground extremely quickly.
You need consume almost no food.


Message History

The orc priest shouts!
You hear a shout!
The orc shouts!
The orc misses you.
You closely miss the orc priest.
The orc priest mumbles some strange prayers to Beogh against you.
You resist with significant effort. The orc hits you.
You hit the orc priest but do no damage.
The orc priest looks encouraged for a moment.
The orc priest misses you.
You hit the orc priest.
The orc priest is lightly wounded.
The orc barely misses you.
You closely miss the orc priest.
The orc priest is lightly wounded.
The orc priest invokes the aid of Beogh against you.
Beogh smites you!
* * * LOW HITPOINT WARNING * * *
The orc closely misses you.
The orc priest hits you with a morningstar!
You die...

#.. #.. #!. ..
#.
.#####.########
......o....^..#
......o@......#
.#####o#......#
#.#......#
#.#.....##
#.#.....#
#.#.#.###
.....#.#
.....#.#
###...#.#


You could see 2 orc priests and an orc.

Vanquished Creatures
  Jessica (D:3)
  An iguana (D:4)
  A worker ant zombie (D:4)
  4 gnolls (D:3)
  6 adders
  An ooze (D:2)
  An adder skeleton (D:4)
  A worm (D:2)
  2 dart slugs (D:1)
  A leopard gecko (D:1)
  An orc (D:4)
  2 ball pythons
  5 goblins
  7 hobgoblins
  6 jackals (D:2)
  4 quokkas
  6 bats
  4 frilled lizards
  A kobold (D:1)
  8 rats
63 creatures vanquished.

Notes
Turn   | Place    | Note
-------+----------+-------------------------------------------
     0 | D:1      | Magifyre the Spriggan Assassin began the quest for the Orb.
     0 | D:1      | Reached XP level 1. HP: 10/10 MP: 2/2
    52 | D:1      | Reached skill level 6 in Stealth
   218 | D:1      | Reached XP level 2. HP: 14/14 MP: 3/3
   870 | D:2      | Reached XP level 3. HP: 18/18 MP: 4/4
  1068 | D:2      | Reached skill level 7 in Stealth
  1280 | D:2      | Reached XP level 4. HP: 14/22 MP: 5/5
  2050 | D:3      | Noticed Jessica
  2057 | D:3      | Killed Jessica
  2193 | D:3      | Reached skill level 8 in Stealth
  2193 | D:3      | Reached XP level 5. HP: 9/25 MP: 6/6
  2490 | D:3      | Noticed smazza's ghost (amateur MfSk)
  2982 | D:3      | Found a shattered altar of Ashenzari.
  3138 | D:4      | Found a shadowy altar of Dithmenos.
  3173 | D:4      | Reached skill level 5 in Short Blades
  3235 | D:4      | Mangled by an orc priest

Vault maps used:
D:1:      minmay_arrival_wavy_path, moated_statue,
          minmay_misc_feat_secret_circle, minmay_octomino_c4
D:3:      lemuel_crystal_altar, first_bread, uniq_jessica
D:4:      lemuel_doored_altar

Skill      XL: |  1  2  3  4  5 |
---------------+----------------+-----
Stealth        | 6 7 8 |  8.6
Short Blades   | 3 4 5 |  5.0
Fighting       | |  1.5
Throwing       | |  2.0
Dodging        | |  1.5

Action                   |  1- 3 |  4- 6 || total
-------------------------+-------+-------++-------
Melee: Dagger            |   125 |    95 ||   220
 Fire: Blowgun           |       |    39 ||    39
Throw: Stone             |       |    20 ||    20
 Stab: Sleeping          |    14 |    10 ||    24
       Distracted        |       |     1 ||     1
Armor: Robe              |    16 |    11 ||    27
Dodge: Dodged            |    81 |    56 ||   137
